 Dungeon Crawl Stone Soup version 0.31-a0-965-g8a8ce12e04 (console) character file.

Game seed: 9876684298282836986

1635760 questionabletactics the Bringer of Life (level 26, 250/250 HPs)
             Began as a Minotaur Brigand on Oct 25, 2023.
             Was the Champion of Elyvilon.
             Escaped with the Orb
             ... and 3 runes on Oct 26, 2023!
             The game lasted 03:49:26 (74101 turns).

questionabletactics the Bringer of Life (MiBr)     Turns: 74101, Time: 03:49:27

Health: 250/250    AC: 45    Str: 20    XL:     26   Next: 91%
Magic:  39/39      EV: 20    Int: 16    God:    Elyvilon [******]
Gold:   1609       SH: 32    Dex: 28    Spells: 25/25 levels left

rFire   + + .        a - +10 zealot's sword {holy, Zealotry, *Rage rN+ EV+3}
rCold   + + .        c - +6 tower shield of Defiance {-Cast Drain rElec Will+++}
rNeg    + + .        H - +9 gold dragon scales
rPois   +            (helmet restricted)
rElec   +            h - +0 cloak "Ruagg" {+Blink rPois rC+ Slay+2}
rCorr   .            T - +3 pair of gloves "Ceaf" {Will- Slay+6}
SInv    .            Q - +1 pair of boots of Ceduov {rF+}
Will    +++..        d - amulet of the Air {Inacc Air Fly rElec RMsl} Stlth
                     W - ring of Ineotae {rN+ Int+4 Dex+6 Stlth-}
HPRegen 0.61/turn    l - ring "Nuynidgh" {AC+4 Int+4 Dex+2}
MPRegen 0.26/turn

%: no spellcasting, inaccuracy (-5), repel missiles, clarity
@: flying, studying Staves
A: horns 2, retaliatory headbutt, clarity, evolution 1
0: Orb of Zot
}: 3/15 runes: serpentine, barnacled, silver
a: Renounce Religion, Evoke Blink, Purification, Heal Other, Heal Self, Divine
Vigour


You escaped.
You worshipped Elyvilon.
Elyvilon was exalted by your worship.
You visited 11 branches of the dungeon, and saw 51 of its levels.
You also visited: Ice Cave and Wizlab.

You collected 10522 gold pieces.
You spent 8913 gold pieces at shops.

Inventory:

Hand Weapons
 a - the +10 zealot's sword (weapon) {holy, Zealotry, *Rage rN+ EV+3}
   (You found it on level 5 of the Vaults)

   Zealotry:  Whenever the wielder enters a berserk rage, their allies are
   berserked alongside them.
   EV+3:      It affects your evasion (+3).
   rN+:       It protects you from negative energy.
   *Rage:     It berserks you when you make melee attacks (+20% chance).
 b - a +9 scimitar of freezing
 j - a +9 heavy scimitar
Missiles
 e - 3 curare-tipped darts
 n - 3 throwing nets
Armour
 c - the +6 tower shield of Defiance (worn) {-Cast Drain rElec Will+++}
   (You bought it in a shop on level 3 of the Depths)

   rElec:     It insulates you from electricity.
   Will+++:   It greatly increases your willpower.
   -Cast:     It prevents spellcasting.
   Drain:     It drains your maximum health when unequipped.
 h - the +0 cloak "Ruagg" (worn) {+Blink rPois rC+ Slay+2}
   (You bought it in a shop on level 1 of the Elven Halls)

   Slay+2:    It affects your accuracy & damage with ranged weapons and melee
   (+2).
   rC+:       It protects you from cold.
   rPois:     It protects you from poison +Blink: It lets you blink.
 B - the +6 fire dragon scales of the Grue {+Inv rF++ rC- rCorr Str-2}
   (You took it off a deep elf master archer on level 3 of the Elven Halls)

   Str-2:     It affects your strength (-2).
   rF++:      It greatly protects you from fire.
   rC-:       It makes you vulnerable to cold.
   +Inv:      It lets you turn invisible.
   rCorr:     It protects you from acid and corrosion.
 H - +9 gold dragon scales (worn)
 Q - the +1 pair of boots of Ceduov (worn) {rF+}
   (You found it on level 3 of the Elven Halls)

   rF+:       It protects you from fire.
 T - the +3 pair of gloves "Ceaf" (worn) {Will- Slay+6}
   (You found it in an ice cave)

   Slay+6:    It affects your accuracy & damage with ranged weapons and melee
   (+6).
   Will-:     It decreases your willpower.
Jewellery
 d - the amulet of the Air (around neck) {Inacc Air Fly rElec RMsl}
   (You found it on level 2 of the Crypt)

   [amulet of nothing]

   Inacc:     It reduces the accuracy of your attacks and spells.
   Air:       It enhances your air magic.
   rElec:     It insulates you from electricity.
   Fly:       It grants you flight.
   RMsl:      It protects you from missiles.
 l - the ring "Nuynidgh" (right hand) {AC+4 Int+4 Dex+2}
   (You bought it in a shop on level 2 of the Orcish Mines)

   [ring of protection]

   AC+4:      It affects your AC (+4).
   Int+4:     It affects your intelligence (+4).
   Dex+2:     It affects your dexterity (+2).
 o - a +6 ring of dexterity
 s - a +6 ring of strength
 R - the ring of the Blue Skies {Fire rN+ Will+ rCorr}
   (You bought it in a shop on level 3 of the Vaults)

   [ring of fire]

   Fire:      It enhances your fire magic.
   rF+:       It protects you from fire.
   rC-:       It makes you vulnerable to cold.
   rN+:       It protects you from negative energy.
   Will+:     It increases your willpower.
   rCorr:     It protects you from acid and corrosion.
 W - the ring of Ineotae (left hand) {rN+ Int+4 Dex+6 Stlth-}
   (You took it off a draconian shifter on level 1 of the Depths)

   [ring of dexterity]

   Int+4:     It affects your intelligence (+4).
   Dex+6:     It affects your dexterity (+6).
   rN+:       It protects you from negative energy.
   Stlth-:    It makes you less stealthy.
 X - the ring of Wighakuvy {rPois rN+ rCorr Slay+2}
   (You took it off an ogre mage on level 1 of the Depths)

   [ring of resist corrosion]

   Slay+2:    It affects your accuracy & damage with ranged weapons and melee
   (+2).
   rPois:     It protects you from poison rN+: It protects you from negative
   energy.
   rCorr:     It protects you from acid and corrosion.
Wands
 f - a wand of roots (50)
 E - a wand of mindburst (41)
 M - a wand of polymorph (24)
 P - a wand of quicksilver (13)
 V - a wand of charming (50)
 Y - a wand of digging (16)
Scrolls
 g - 9 scrolls of teleportation
 m - a scroll of vulnerability
 r - 3 scrolls of fog
 t - 8 scrolls of blinking
 y - 6 scrolls of butterflies
 C - 2 scrolls of revelation
 L - 8 scrolls of fear
Potions
 k - 10 potions of mutation
 u - 6 potions of invisibility
 w - 6 potions of haste
 A - 6 potions of berserk rage
 D - 2 potions of resistance
 F - 4 potions of enlightenment
 J - 14 potions of curing
 K - 3 potions of heal wounds
 O - a potion of might
 S - 10 potions of magic
Miscellaneous
 z - a phantom mirror
 U - a phial of floods


   Skills:
 - Level 23.1 Fighting
 - Level 10.0(12.4) Short Blades
 - Level 12.7(14.3) Long Blades
 - Level 2.8 Polearms
 - Level 2.0 Throwing
 + Level 20.3 Armour
 + Level 21.9 Dodging
 - Level 3.2 Stealth
 - Level 21.1 Shields
 - Level 26.0 Invocations
 - Level 4.1 Evocations


You had 25 spell levels left.
You didn't know any spells.
Your spell library contained the following spells:

 Spells                   Type           Power      Damage    Failure   Level
 Apportation              Tloc           0%         N/A       100%        1
 Kiss of Death            Conj/Necr      0%         2d5       100%        1
 Magic Dart               Conj           0%         1d3       100%        1
 Shock                    Conj/Air       0%         1d3       100%        1
 Slow                     Hex            0%         N/A       100%        1
 Sting                    Tmut/Pois      0%         1d3       100%        1
 Summon Small Mammal      Summ           0%         N/A       100%        1
 Blink                    Tloc           0%         N/A       100%        2
 Cigotuvi's Dreadful Rot  Necr/Pois/Air  0%         N/A       100%        2
 Ensorcelled Hibernation  Hex/Ice        0%         N/A       100%        2
 Jinxbite                 Hex            0%         N/A       100%        2
 Lesser Beckoning         Tloc           0%         N/A       100%        2
 Passwall                 Tmut/Erth      0%         N/A       100%        2
 Poisonous Vapours        Pois/Air       0%         N/A       100%        2
 Scorch                   Fire           0%         2d5       100%        2
 Searing Ray              Conj           0%         2d4       100%        2
 Sublimation of Blood     Necr           0%         N/A       100%        2
 Call Canine Familiar     Summ           0%         N/A       100%        3
 Confusing Touch          Hex            0%         N/A       100%        3
 Dazzling Flash           Conj/Hex       0%         N/A       100%        3
 Frozen Ramparts          Ice            0%         1d1       100%        3
 Gell's Gravitas          Tloc           0%         N/A       100%        3
 Hailstorm                Conj/Ice       0%         3d3       100%        3
 Ignite Poison            Fire/Tmut/Pois 0%         N/A       100%        3
 Inner Flame              Hex/Fire       0%         N/A       100%        3
 Mephitic Cloud           Conj/Pois/Air  0%         N/A       100%        3
 Sigil of Binding         Hex            0%         N/A       100%        3
 Summon Guardian Golem    Hex/Summ       0%         N/A       100%        3
 Swiftness                Air            0%         N/A       100%        3
 Teleport Other           Tloc           0%         N/A       100%        3
 Tukima's Dance           Hex            0%         N/A       100%        3
 Vampiric Draining        Necr           0%         2d6       100%        3
 Volatile Blastmotes      Fire/Tloc      0%         2d10      100%        3
 Airstrike                Air            0%         2d(0-16)  100%        4
 Anguish                  Hex/Necr       0%         N/A       100%        4
 Animate Armour           Summ/Erth      0%         N/A       100%        4
 Cause Fear               Hex            0%         N/A       100%        4
 Dimensional Bullseye     Hex/Tloc       0%         N/A       100%        4
 Dispel Undead            Necr           0%         3d6       100%        4
 Flame Wave               Conj/Fire      0%         2d4       100%        4
 Fulminant Prism          Conj/Hex       0%         3d5       100%        4
 Iskenderun's Mystic Bla  Conj/Tloc      0%         2d3       100%        4
 Leda's Liquefaction      Hex/Erth       0%         N/A       100%        4
 Manifold Assault         Tloc           0%         N/A       100%        4
 Olgreb's Toxic Radiance  Pois           0%         N/A       100%        4
 Passage of Golubria      Tloc           0%         N/A       100%        4
 Petrify                  Tmut/Erth      0%         N/A       100%        4
 Sticky Flame             Conj/Fire      0%         2d3       100%        4
 Summon Ice Beast         Ice/Summ       0%         N/A       100%        4
 Summon Lightning Spire   Summ/Air       0%         N/A       100%        4
 Vhi's Electric Charge    Tloc/Air       0%         N/A       100%        4
 Alistair's Intoxication  Tmut/Pois      0%         N/A       100%        5
 Arcjolt                  Conj/Air       0%         1d10      100%        5
 Freezing Cloud           Conj/Ice/Air   0%         6-21      100%        5
 Irradiate                Conj/Tmut      0%         3d11      100%        5
 Iskenderun's Battlesphe  Conj           0%         2d6       100%        5
 Lee's Rapid Deconstruct  Erth           0%         3d4*      100%        5
 Metabolic Englaciation   Hex/Ice        0%         N/A       100%        5
 Summon Mana Viper        Hex/Summ       0%         N/A       100%        5
 Yara's Violent Unravell  Hex/Tmut       0%         3d3       100%        5
 Bombard                  Conj/Erth      0%         9d1       100%        6
 Conjure Ball Lightning   Conj/Air       0%         3x3d6     100%        6
 Dispersal                Tloc           0%         N/A       100%        6
 Plasma Beam              Fire/Air       0%         2x1d10    100%        6
 Simulacrum               Ice/Necr       0%         N/A       100%        6
 Starburst                Conj/Fire      0%         6d3       100%        6
 Summon Cactus Giant      Summ           0%         N/A       100%        6
 Enfeeble                 Hex            0%         N/A       100%        7
 Malign Gateway           Summ/Tloc      0%         N/A       100%        7
 Monstrous Menagerie      Summ           0%         N/A       100%        7
 Spellforged Servitor     Conj/Summ      0%         N/A       100%        7
 Disjunction              Tloc           0%         N/A       100%        8
 Ignition                 Fire           0%         3d3       100%        8
 Maxwell's Capacitive Co  Air            0%         ∞         100%        8
 Summon Horrible Things   Summ           0%         N/A       100%        8
 Fire Storm               Conj/Fire      0%         5d1       100%        9
 Shatter                  Erth           0%         3d5*      100%        9


Dungeon Overview and Level Annotations

Branches:
Dungeon (15/15)            Temple (1/1) D:6            Lair (5/5) D:9
 Shoals (4/4) Lair:2        Snake (4/4) Lair:2        Slime (0/5) Lair:4
    Orc (2/2) D:12            Elf (3/3) Orc:2        Vaults (5/5) D:13
  Crypt (3/3) Vaults:3       Tomb (0/3) Crypt:3      Depths (4/4) D:15
    Zot (5/5) Depths:4      IceCv (visited)          WizLab (visited)

Altars:
Ashenzari
Cheibriados
Dithmenos
Elyvilon
Fedhas
Gozag
Hepliaklqana
Kikubaaqudgha
Makhleb
Nemelex Xobeh
Okawaru
Qazlal
Ru
Sif Muna
Trog
Uskayaw
Vehumet
Wu Jian
Xom
Yredelemnul
Zin
The Shining One
Jiyva

Shops:
D:1 :   D:12 *   Orc:2 =*=[   Elf:1 ?:=[*   Elf:2 !   Shoals:2 !   Shoals:3 ?
Shoals:4 [*[:*   Snake:3 :=:   Vaults:2 !   Vaults:3 =   Depths:3 *

Portals:
Hell: Depths:1 Depths:2 Depths:3 Depths:4
Abyss: Depths:1 Depths:3
Pandemonium: Depths:2 Depths:4
Ziggurat: Depths:3

Annotations:
D:9 Maurice
Snake:4 3 runed translucent doors, p00ps00p's ghost, adept HOFi
Vaults:1 2 transporters
Crypt:2 4 transporters, exclusion: orange crystal statue, Igymira's ghost, veteran MiGl
Depths:2 3 runed translucent doors


Innate Abilities, Weirdness & Mutations

You have a pair of horns on your head.
You reflexively headbutt those who attack you in melee.
You possess an exceptional clarity of mind.
You have hidden genetic potential.


Message History

There is a stone staircase leading up here.
You fly upwards.
There is a stone staircase leading down here.
You reach down and open the door.
An Orb Guardian comes into view.
There is an open door here.
You slice the Orb Guardian!!
The Orb Guardian is moderately wounded.
The Orb Guardian closely misses you.
You slash the Orb Guardian! Your headbutt misses the Orb Guardian.
The Orb Guardian is heavily wounded.
You slice the Orb Guardian!!
You headbutt the Orb Guardian, but do no damage.
The Orb Guardian is severely wounded.
You block the Orb Guardian's attack.
You slice the Orb Guardian!!
You kill the Orb Guardian!
No target in view!
There is a stone staircase leading up here.
You fly upwards.
There is a stone staircase leading down here.
You see here a +0 dagger.
You see here a +0 club.
A glowing orange brain comes into view.
The glowing orange brain pulsates.
The glowing orange brain pulsates.
You see here a +0 robe.
The glowing orange brain pulsates.
The glowing orange brain radiates an aura of fear!
You are unaffected.
There is a stone staircase leading up here.
You fly upwards.
A reaper comes into view. It is wielding a +2 heavy scythe.
There is a stone staircase leading down here.
The reaper moves out of view.
You see here a +0 dagger.
There is an open gate here.
A tormentor comes into view.
There is a staircase leading out of the dungeon here.
You have escaped!

♣...# #..... ♣...#
#..... ♣...# #.....
♣♣...## #.....
♣.....## #.....
♣♣......## #..##.
♣.8..8..8#####..#.#
♣♣........'..#....##
♣..@......'.......#.
♣♣........'.#.##..##
♣.8..8..8#...2.....
♣.......######.....
♣......## #.....
♣♣....## #.....
♣....# #..... ♣♣...#
#..... ♣♣..# #)....


There were no monsters in sight!

Vanquished Creatures
  3 dread liches
  An orb of fire (Zot:5)
  3 ancient liches
  Mara (Vaults:3)
  Boris (thrice) (Vaults:3 Vaults:4)
  6 Killer Klowns (Zot:5)
  Vashnia (Snake:3)
  Bai Suzhen (Snake:4)
  Xtahua (Vaults:3)
  5 golden dragons
  A bone dragon (Crypt:3)
  Nikola (Vaults:3)
  2 doom hounds (Crypt:2)
  2 electric golems
  A shard shrike zombie (Crypt:2)
  3 tentacled monstrosities
  26 Orb Guardians
  A shard shrike skeleton (Crypt:3)
  A walking earthen tome (Depths:3)
  4 titans
  8 liches
  A quicksilver dragon (Vaults:4)
  4 death cobs (Zot:5)
  2 deep elf master archers (Elf:3)
  3 sphinxes
  2 deep elf blademasters (Elf:3)
  2 ancient champions
  Frances (D:13)
  4 revenants
  3 tengu reavers
  4 storm dragons
  Aizul (Depths:2)
  5 shadow dragons
  2 draconian monks
  Donald (Snake:3)
  12 nagarajas (Snake:4)
  2 frost giants (Depths:1)
  2 deep elf elementalists (Elf:3)
  6 fire giants
  26 vault wardens
  A draconian scorcher (Depths:4)
  4 iron dragons
  5 deep elf sorcerers
  A draconian stormcaller (Depths:4)
  3 draconian shifters
  3 orc warlords
  A caustic shrike zombie (Crypt:3)
  A juggernaut zombie (Crypt:3)
  7 ghouls
  3 curse skulls
  A draconian annihilator (Depths:1)
  9 war gargoyles
  12 ironbound preservers
  2 ironbound thunderhulks
  A reaper (IceCv)
  18 very ugly things
  16 stone giants
  2 formless jellyfish
  8 deep elf demonologists
  2 green draconians (Depths:4)
  2 black draconians (Depths:4)
  3 vampire knights
  2 yellow draconians (Zot:5)
  A red draconian (Depths:4)
  6 deep elf annihilators
  2 white draconians
  8 dire elephants
  A green death (Depths:4)
  A blizzard demon (D:8)
  5 merfolk impalers
  6 crystal guardians
  The ghost of perezv8180 the Grappler, a journeyman TrWr of Okawaru (D:12)
  18 ettins
  Josephine (D:10)
  5 eidola
  4 merfolk javelineers
  10 deep elf death magi
  3 jiangshi
  6 fire dragons
  19 yaktaur captains
  An entropy weaver (Vaults:4)
  6 great orbs of eyes
  2 spriggan zombies (Crypt:3)
  2 rakshasas (Depths:2)
  3 deep elf high priests
  9 ice dragons
  A fenstrider witch skeleton (Crypt:3)
  5 merfolk avatars
  3 peacekeepers
  A spriggan air mage (Depths:3)
  A catoblepas (Shoals:1)
  3 ogre magi
  2 salamander tyrants (Snake:4)
  8 merfolk aquamancers
  A death knight (Crypt:2)
  6 ironbound frosthearts
  9 anacondas
  35 vault guards
  2 boulder beetles (D:15)
  A death scarab (Vaults:3)
  5 satyrs (Shoals:4)
  15 centaur warriors
  6 deep troll earth magi
  6 two-headed ogres
  39 dancing weapons
  9 deep troll shamans
  An alligator snapping turtle (Shoals:4)
  An occultist (Depths:3)
  4 death yaks
  19 naga sharpshooters
  25 naga warriors
  A titan zombie (Crypt:3)
  7 tengu warriors
  5 vampire magi
  A spriggan berserker (Depths:4)
  14 deep elf knights
  6 soul eaters
  23 hell knights
  5 skysharks
  A sixfirhy (Depths:4)
  A bunyip zombie (Crypt:3)
  11 iron trolls
  2 salamander mystics
  29 skeletal warriors
  8 sea snakes
  10 deep elf archers
  A swamp dragon (Lair:5)
  8 naga ritualists
  A bog body (Crypt:1)
  A flayed ghost (Vaults:5)
  2 bunyip skeletons
  41 deep trolls
  An obsidian statue (Zot:5)
  3 glowing orange brains
  3 lindwurms (Vaults:4)
  9 arcanists
  7 phantasmal warriors
  7 orc knights
  16 ironbound convokers
  25 deep elf zephyrmancers
  41 ugly things
  A wolf spider (D:15)
  An eleionoma zombie (Crypt:1)
  11 harpies
  9 necromancers
  25 fauns
  7 mana vipers
  A cyclops (shapeshifter) (Depths:2)
  27 deep elf pyromancers
  8 cyclopes
  10 manticores
  14 salamanders
  2 stone giant skeletons (Crypt:3)
  11 merfolk sirens
  22 black mambas
  17 elephants
  2 vault sentinels
  A fire giant skeleton (Crypt:1)
  2 moths of wrath (Zot:5)
  2 guardian serpents
  2 ice statues
  3 centaur zombies
  A cane toad (shapeshifter) (D:13)
  A centaur skeleton (Crypt:2)
  2 cane toads
  Maggie (D:7)
  3 gargoyles
  A shock serpent skeleton (Crypt:2)
  8 naga magi
  3 rime drakes
  3 unseen horrors
  An alligator snapping turtle skeleton (Crypt:2)
  A hellion (Depths:4)
  2 kobold demonologists (Depths:1)
  A komodo dragon (shapeshifter) (Vaults:5)
  53 yaktaurs
  An ice devil (IceCv)
  5 freezing wraiths
  2 spectral nagas (Snake:1)
  10 komodo dragons
  7 trolls
  An anaconda simulacrum (Crypt:1)
  3 tengu conjurers
  A meliai (shapeshifter) (D:13)
  14 polar bears
  3 meliai (D:13)
  An iron troll skeleton (Crypt:1)
  25 merfolk
  2 hornets
  A tarantella (shapeshifter) (D:13)
  6 snapping turtles
  2 wind drakes
  A harpy skeleton (Crypt:3)
  11 blink frogs
  A hydra skeleton (Crypt:2)
  3 raiju (Lair:5)
  14 dream sheep
  A radroach zombie (Crypt:1)
  A raiju (shapeshifter) (Vaults:5)
  An air elemental (Elf:3)
  34 flying skulls (Crypt:3)
  19 water elementals
  37 slime creatures
  10 wraiths
  2 shadows
  4 vampires (WizLab)
  4 basilisks
  A culicivora (Vaults:1)
  2 black mamba skeletons
  2 dire elephant simulacra (IceCv)
  6 wyverns
  60 yaks
  11 vampire mosquitoes
  3 fire elementals
  A human (shapeshifter) (D:15)
  2 death yak simulacra
  A harpy simulacrum (IceCv)
  A deep troll zombie (Crypt:1)
  2 steam dragons (Lair:5)
  10 wargs
  57 nagas
  A two-headed ogre zombie (WizLab)
  22 water moccasins
  An acid dragon (Lair:5)
  13 hell hounds (Lair:5)
  2 hydra simulacra (IceCv)
  27 orc warriors
  14 black bears
  2 ice beasts
  5 ogres
  A sky beast (D:6)
  4 boggarts (Vaults:1)
  17 wolves
  13 centaurs
  A blink frog zombie (Crypt:2)
  2 phantoms
  Blork the orc (D:5)
  A cyclops zombie (Crypt:2)
  2 kobold brigands
  12 bullfrogs
  3 earth elementals
  An entropy weaver simulacrum (Lair:3)
  5 necrophages
  A cane toad simulacrum (IceCv)
  3 two-headed ogre simulacra (IceCv)
  2 scorpions
  15 wights
  A cyclops skeleton (Crypt:1)
  10 troll zombies (WizLab)
  3 elephant simulacra (IceCv)
  14 killer bees
  A killer bee (shapeshifter) (Depths:4)
  10 howler monkeys
  2 electric eels
  A lava snake (D:10)
  3 hounds (D:5)
  6 jellies
  16 orc priests
  2 iguanas
  30 orc wizards
  4 polar bear simulacra (IceCv)
  7 troll simulacra (IceCv)
  3 spriggan simulacra (IceCv)
  6 wolf simulacra
  4 ogre zombies (WizLab)
  An ice beast zombie (Crypt:1)
  An acid dragon skeleton (Crypt:1)
  8 gnolls
  10 adders
  6 naga simulacra
  A steam dragon skeleton (Crypt:1)
  A shadow imp (D:7)
  23 white imps
  10 ufetubi
  2 worms
  3 dart slugs
  54 orcs
  6 ball pythons
  4 bats
  7 endoplasms
  4 giant cockroaches
  14 goblins
  10 hobgoblins
  2 jackals (D:5)
  11 kobolds
  5 quokkas
  2 frilled lizards
  A gnoll skeleton (Crypt:2)
  6 rats
2014 creatures vanquished.

Vanquished Creatures (collateral kills)
  Norris (Vaults:1)
  Grunn (Crypt:2)
  A skyshark (Vaults:1)
  An iguana (Lair:5)
4 creatures vanquished.

Vanquished Creatures (others)
  A curse toe (Zot:5)
  A lich (Depths:1)
  An eldritch tentacle (Zot:5)
  A storm dragon (Zot:5)
  A draconian knight (Zot:5)
  A deep elf demonologist (Elf:1)
  A black draconian (Zot:5)
  A salamander tyrant (Snake:4)
  A dancing weapon (Crypt:3)
  A tengu warrior (D:15)
  A naga ritualist (Snake:4)
  A deep elf zephyrmancer (Elf:1)
  2 orc sorcerers (Orc:2)
  2 guardian serpents (Snake:4)
  2 naga magi
  6 vault sentinels
  2 black mambas (Snake:1)
  A cane toad (Lair:4)
  A rime drake (Lair:3)
  A polar bear (Vaults:2)
  A raiju (Lair:5)
  A human (Depths:1)
  A warg (Orc:2)
  3 orc warriors (Orc:2)
  A black bear (Lair:5)
  A bullfrog (Lair:2)
  An orc priest (Orc:2)
  An iguana (Lair:5)
  3 orc wizards
  An orc (Orc:2)
43 creatures vanquished.

Grand Total: 2061 creatures vanquished

Notes
Turn   | Place    | Note
-------+----------+-------------------------------------------
     0 | D:1      | questionabletactics the Minotaur Brigand began the quest
                  | for the Orb.
     0 | D:1      | Reached XP level 1. HP: 18/18 MP: 0/0
   130 | D:1      | Reached XP level 2. HP: 21/25 MP: 1/1
   154 | D:1      | Found Diytin's Book Shop.
   224 | D:1      | Reached skill level 1 in Polearms
   383 | D:1      | Reached XP level 3. HP: 30/30 MP: 2/2
  1286 | D:2      | Reached XP level 4. HP: 38/38 MP: 3/3
  1778 | D:3      | Found a faded altar of an unknown god.
  2261 | D:4      | Reached XP level 5. HP: 41/47 MP: 4/4
  2300 | D:4      | Reached skill level 5 in Fighting
  2406 | D:4      | Noticed a black bear
  2421 | D:4      | Killed a black bear
  2422 | D:4      | Reached XP level 6. HP: 50/56 MP: 5/5
  2538 | D:4      | Found a white marble altar of Elyvilon.
  2650 | D:4      | Became a worshipper of Elyvilon the Healer
  3154 | D:5      | Entered Level 5 of the Dungeon
  3312 | D:5      | Reached * piety under Elyvilon
  3467 | D:5      | Noticed a water moccasin
  3489 | D:5      | Killed a water moccasin
  3490 | D:5      | Reached XP level 7. HP: 59/63 MP: 6/6
  3662 | D:5      | Reached skill level 5 in Dodging
  4039 | D:5      | Noticed Blork the orc
  4056 | D:5      | Killed Blork the orc
  4633 | D:6      | Noticed a hornet
  4640 | D:5      | Killed a hornet
  4641 | D:5      | Reached skill level 5 in Armour
  4641 | D:5      | Reached XP level 8. HP: 61/70 MP: 7/7
  4797 | D:5      | Reached skill level 5 in Short Blades
  5207 | D:6      | Reached skill level 1 in Invocations
  5440 | D:6      | Found a staircase to the Ecumenical Temple.
  5456 | D:6      | Reached skill level 2 in Invocations
  5499 | Temple   | Entered the Ecumenical Temple
  5758 | D:7      | Reached skill level 3 in Invocations
  5771 | D:7      | Reached XP level 9. HP: 77/79 MP: 10/10
  6139 | D:7      | Noticed Maggie
  6158 | D:7      | Killed Maggie
  6159 | D:7      | Reached skill level 4 in Invocations
  6186 | D:7      | Reached ** piety under Elyvilon
  6314 | D:7      | Reached skill level 5 in Invocations
  7429 | D:8      | Reached *** piety under Elyvilon
  7484 | D:8      | Found an iron altar of Okawaru.
  7591 | D:8      | Reached skill level 6 in Invocations
  8024 | D:9      | Reached XP level 10. HP: 57/88 MP: 12/14
  8043 | D:9      | Reached skill level 7 in Invocations
  8453 | D:9      | Noticed Maurice
  8650 | D:9      | Reached **** piety under Elyvilon
  8720 | D:9      | Reached skill level 8 in Invocations
  8869 | D:9      | Found a staircase to the Lair.
  9065 | D:10     | Entered Level 10 of the Dungeon
  9114 | Lair:1   | Entered Level 1 of the Lair of Beasts
  9126 | Lair:1   | Noticed a cane toad
  9129 | Lair:1   | Pacified a cane toad
  9155 | Lair:1   | Noticed a black mamba
  9160 | Lair:1   | Pacified a black mamba
  9284 | Lair:1   | Reached skill level 10 in Fighting
  9451 | Lair:1   | Reached XP level 11. HP: 100/100 MP: 16/16
  9456 | Lair:1   | Reached skill level 10 in Invocations
  9456 | Lair:1   | Reached XP level 12. HP: 106/106 MP: 16/19
  9509 | Lair:1   | Reached skill level 1 in Evocations
 10126 | Lair:1   | Identified a scroll of acquirement
 10343 | Lair:2   | Reached ***** piety under Elyvilon
 10359 | Lair:2   | Found a staircase to the Shoals.
 10728 | Lair:2   | Reached skill level 11 in Invocations
 11231 | Lair:2   | Found a staircase to the Snake Pit.
 11444 | Lair:3   | Identified the "Civisad"
 11617 | Lair:3   | Reached skill level 12 in Invocations
 11693 | Lair:3   | Noticed an ice dragon
 11694 | Lair:3   | Pacified an ice dragon
 11802 | Lair:3   | Reached XP level 13. HP: 89/117 MP: 21/21
 12713 | Lair:4   | Acquired 1127 gold pieces
 12715 | Lair:4   | Acquired the +2 buckler "Yfaga" {rC++}
 12777 | Lair:4   | Reached skill level 1 in Shields
 13245 | Lair:4   | Found a viscous altar of Jiyva.
 13246 | Lair:4   | Found a staircase to the Slime Pits.
 13599 | Lair:5   | Entered Level 5 of the Lair of Beasts
 13694 | Lair:5   | Reached skill level 5 in Shields
 14182 | Lair:5   | Reached skill level 10 in Armour
 14432 | Lair:5   | Reached XP level 14. HP: 126/127 MP: 22/22
 16158 | D:10     | Noticed Josephine
 16255 | D:10     | Killed Josephine
 16725 | D:11     | Reached skill level 13 in Invocations
 17513 | D:12     | Found Pira Gunn's Assorted Antiques.
 17542 | D:12     | Bought a distressingly furry orb for 336 gold pieces
 17542 | D:12     | Identified the orb "Felohu" {light, -Tele rF+ Dex+3 Stlth+}
                  | (You bought it in a shop on level 12 of the Dungeon)
 17579 | D:12     | Found a staircase to the Orcish Mines.
 17643 | D:12     | Reached ****** piety under Elyvilon
 17911 | D:12     | Noticed perezv8180's ghost (journeyman TrWr)
 17914 | D:12     | Found a runed translucent door.
 17983 | D:12     | Reached skill level 10 in Short Blades
 18568 | Orc:1    | Entered Level 1 of the Orcish Mines
 18630 | D:12     | Reached skill level 14 in Invocations
 19041 | Orc:2    | Entered Level 2 of the Orcish Mines
 19045 | Orc:2    | Noticed an orc warlord
 19080 | Orc:2    | Noticed an orc warlord
 19149 | Orc:2    | Found a staircase to the Elven Halls.
 19153 | Orc:2    | Pacified an orc warlord
 19384 | Orc:2    | Pacified an orc warlord
 19385 | Orc:2    | Reached XP level 15. HP: 120/137 MP: 19/24
 19553 | Orc:2    | Found a frozen archway.
 19565 | IceCv    | Entered an ice cave
 19647 | IceCv    | Identified the +3 pair of gloves "Ceaf" {Will- Slay+6}
 20566 | Orc:2    | Reached skill level 1 in Long Blades
 21052 | Orc:2    | Found Coidi's General Store.
 21052 | Orc:2    | Found Kirghoen's Armour Shoppe.
 21053 | Orc:2    | Found Xasasta's Jewellery Shoppe.
 21057 | Orc:2    | Found Vam Qaarum's Jewellery Emporium.
 21062 | Orc:2    | Bought the ring "Nuynidgh" {AC+4 Int+4 Dex+2} for 722 gold
                  | pieces
 21449 | D:13     | Found a gate to the Vaults.
 21476 | D:13     | Reached skill level 5 in Long Blades
 21898 | D:13     | Found a sacrificial altar of Ru.
 21940 | D:13     | Noticed Frances
 22211 | D:13     | Killed Frances
 22899 | D:14     | Found a shimmering blue altar of Sif Muna.
 23122 | D:15     | Entered Level 15 of the Dungeon
 23262 | D:15     | Noticed Louise
 23265 | D:15     | Pacified Louise
 23266 | D:15     | Reached skill level 10 in Long Blades
 23957 | D:15     | Found a staircase to the Depths.
 24073 | D:15     | Reached skill level 15 in Invocations
 24277 | D:15     | Reached skill level 15 in Dodging
 24682 | Shoals:1 | Entered Level 1 of the Shoals
 24729 | Shoals:1 | Reached XP level 16. HP: 144/146 MP: 26/26
 25516 | Shoals:2 | Found Neap's Distillery.
 25615 | Shoals:2 | Bought a potion of haste for 180 gold pieces
 25615 | Shoals:2 | Bought a potion of heal wounds for 90 gold pieces
 25615 | Shoals:2 | Bought a potion of curing for 54 gold pieces
 25615 | Shoals:2 | Bought a potion of curing for 54 gold pieces
 25615 | Shoals:2 | Bought a potion of heal wounds for 90 gold pieces
 25615 | Shoals:2 | Bought 2 potions of curing for 108 gold pieces
 26173 | Shoals:2 | Reached skill level 16 in Invocations
 26959 | Snake:1  | Entered Level 1 of the Snake Pit
 27158 | Snake:1  | Reached skill level 15 in Fighting
 27673 | Snake:1  | Found a broken altar of Ashenzari.
 28129 | Snake:2  | Reached skill level 17 in Invocations
 28459 | Snake:2  | Reached XP level 17. HP: 139/153 MP: 28/28
 29169 | Snake:3  | Noticed Donald
 29186 | Snake:3  | Killed Donald
 29415 | Snake:3  | Found Jetofoh's Book Shop.
 29415 | Snake:3  | Found Zuat's Jewellery Shoppe.
 29417 | Snake:3  | Found Tomumoik's Book Shop.
 29782 | Snake:3  | Noticed Vashnia
 30148 | Snake:3  | Killed Vashnia
 30337 | Snake:4  | Entered Level 4 of the Snake Pit
 30461 | Snake:4  | Found a runed translucent gate.
 30461 | Snake:4  | Found a runed translucent gate.
 30461 | Snake:4  | Found a runed translucent gate.
 30465 | Snake:4  | Noticed p00ps00p's ghost (adept HOFi)
 30503 | Snake:4  | Reached skill level 18 in Invocations
 30780 | Snake:4  | Noticed Bai Suzhen
 30858 | Snake:4  | Killed Bai Suzhen
 33114 | Snake:4  | Reached skill level 10 in Shields
 33124 | Snake:4  | Reached XP level 18. HP: 130/163 MP: 30/30
 33854 | Snake:4  | Got a serpentine rune of Zot
 34689 | Shoals:3 | Found Enoxt's Magic Scroll Emporium.
 34702 | Shoals:3 | Bought a scroll of blinking for 97 gold pieces
 34702 | Shoals:3 | Bought a scroll of blinking for 97 gold pieces
 34868 | Shoals:4 | Entered Level 4 of the Shoals
 34988 | Shoals:4 | Found Wapnuol's Book Emporium.
 35181 | Shoals:4 | Found Xepemo's Assorted Antiques.
 35371 | Shoals:4 | Found Tuedir's Assorted Antiques.
 35469 | Shoals:4 | Bought a pair of glowing boots for 307 gold pieces
 35800 | Shoals:4 | Found Liskan's Armour Shop.
 35824 | Shoals:4 | Reached skill level 15 in Shields
 35834 | Shoals:4 | Got a barnacled rune of Zot
 36080 | Shoals:4 | Bought a +0 cloak of poison resistance for 161 gold pieces
 36159 | Shoals:4 | Found Yddevann's Armour Shoppe.
 36645 | D:12     | Killed perezv8180's ghost
 36884 | Lair:3   | Upgraded the game from 0.31-a0-963-ga325b2283a to
                  | 0.31-a0-965-g8a8ce12e04
 37063 | Vaults:5 | Identified the "Kuiru"
 37063 | Elf:1    | Identified the "Xakkoxt"
 37063 | Elf:1    | Entered Level 1 of the Elven Halls
 37539 | Elf:1    | Found Zyrafem's Antique Armour Shoppe.
 37548 | Elf:1    | Bought a distressingly furry cloak for 351 gold pieces
 37548 | Elf:1    | Identified the +0 cloak "Ruagg" {+Blink rPois rC+ Slay+2}
                  | (You bought it in a shop on level 1 of the Elven Halls)
 37572 | Elf:1    | Bought a fine ring mail for 333 gold pieces
 37572 | Elf:1    | Identified the +1 ring mail "Uheceett" {rF+ rN+} (You
                  | bought it in a shop on level 1 of the Elven Halls)
 38192 | Elf:1    | Found Dupnomat's Book Boutique.
 38229 | Elf:1    | Found Gaereeh's Magic Scroll Boutique.
 38237 | Elf:1    | Bought a scroll of revelation for 150 gold pieces
 38412 | Elf:1    | Reached XP level 19. HP: 170/170 MP: 31/31
 38487 | Elf:1    | Found Ramess's Jewellery Shoppe.
 38661 | Elf:1    | Found Yxaxzev's Assorted Antiques.
 38784 | Elf:1    | Bought a potion of enlightenment for 135 gold pieces
 39318 | Elf:2    | Found Seilasie's Distillery.
 39328 | Elf:2    | Bought a potion of heal wounds for 85 gold pieces
 39540 | Elf:2    | Found a runed translucent gate.
 39540 | Elf:2    | Found a runed translucent gate.
 39541 | Elf:2    | Found a runed translucent gate.
 40567 | Vaults:1 | Entered Level 1 of the Vaults
 40631 | Vaults:1 | Found a transporter.
 40671 | Vaults:1 | Found a transporter.
 41955 | Vaults:1 | Reached skill level 19 in Invocations
 42033 | Vaults:1 | Noticed Norris
 42048 | Vaults:1 | Killed Norris
 42810 | Vaults:2 | Reached XP level 20. HP: 184/184 MP: 32/32
 42940 | Vaults:2 | Found Hoacs's Distillery.
 44139 | Vaults:3 | Noticed Mara
 44147 | Vaults:3 | Reached skill level 20 in Invocations
 44240 | Vaults:3 | Noticed Xtahua
 44260 | Vaults:3 | Killed Xtahua
 44931 | Vaults:3 | Found a staircase to the Crypt.
 45134 | Vaults:3 | Noticed Nikola
 45145 | Vaults:3 | Killed Nikola
 45203 | Vaults:3 | Paralysed by a sphinx for 3 turns
 45272 | Vaults:3 | Noticed questionabletactics's illusion
 45273 | Vaults:3 | Killed Mara
 45664 | Vaults:3 | Noticed Boris
 45699 | Vaults:3 | Killed Boris
 45835 | Vaults:3 | Found Ebroyn's Jewellery Emporium.
 46258 | Vaults:4 | Found a magical portal.
 46263 | WizLab   | Entered Zonguldrok's Shrine
 46387 | WizLab   | Reached skill level 21 in Invocations
 46710 | WizLab   | Noticed an antique lich
 46730 | WizLab   | Killed an antique lich
 46731 | WizLab   | Reached XP level 21. HP: 147/191 MP: 34/34
 46735 | WizLab   | Found the +9 sword of Zonguldrok {reap}
 47445 | Vaults:4 | Reached skill level 15 in Armour
 48467 | Vaults:3 | Bought the ring of the Blue Skies {Fire rN+ Will+ rCorr}
                  | for 663 gold pieces
 48700 | Elf:3    | Identified the "Fisiv"
 48700 | Elf:3    | Identified the "Hayppiko"
 48700 | Elf:3    | Identified the of Oczagim
 48700 | Elf:3    | Identified the "Jacriusch"
 48700 | Elf:3    | Identified the "Qaumerh Xiur"
 48700 | Elf:3    | Entered Level 3 of the Elven Halls
 49681 | Elf:3    | Reached skill level 22 in Invocations
 49816 | Elf:3    | Identified the +3 leather armour of the Gloaming {Contam
                  | rC+ Will+++ Regen+}
 49967 | Elf:3    | Identified the +2 war axe of Dissent {drain, rElec MP-9
                  | Int+3 Dex+3}
 50641 | Elf:3    | Identified the +8 chain mail "Ibonusac" {rCorr}
 51670 | Elf:3    | Identified the +6 fire dragon scales of the Grue {+Inv rF++
                  | rC- rCorr Str-2}
 51695 | Elf:3    | Identified the +5 sling of Ad Valorem {heavy, Str+3}
 51701 | Elf:3    | Identified the +1 pair of boots of Ceduov {rF+}
 52228 | Depths:1 | Entered Level 1 of the Depths
 52475 | Depths:1 | Reached XP level 22. HP: 199/199 MP: 36/36
 52528 | Depths:1 | Found a blossoming altar of Fedhas.
 52548 | Depths:1 | Identified the +0 scale mail "Jytutsuss" {Drain Fly Str+4
                  | Stlth+}
 52827 | Depths:1 | Found a one-way gate to the infinite horrors of the Abyss.
 53170 | Depths:1 | Found a runed door.
 53270 | Depths:1 | Found a gateway to Hell.
 53832 | Depths:1 | Identified the ring of Wighakuvy {rPois rN+ rCorr Slay+2}
 53836 | Depths:1 | Noticed a dread lich
 53838 | Depths:1 | Identified the ring of Ineotae {rN+ Int+4 Dex+6 Stlth-}
 54220 | Depths:1 | Killed a dread lich
 54221 | Depths:1 | Reached XP level 23. HP: 209/209 MP: 37/37
 54293 | Depths:1 | Identified the amulet of Fus Jylu {Faith rPois rCorr}
 54302 | Depths:1 | Acquired the +10 tower shield of Ignorance {rN+ Int-4}
 54302 | Depths:1 | Found the +10 tower shield of Ignorance {rN+ Int-4}
 54405 | Depths:1 | Reached skill level 23 in Invocations
 54632 | Depths:2 | Found a hide-covered altar of Uskayaw.
 54680 | Depths:2 | Identified the serpent talisman of the Morning {Dex+3}
 54680 | Depths:2 | Noticed Aizul
 54773 | Depths:2 | Killed Aizul
 55067 | Depths:2 | Identified the ring "Yghios" {rElec Str+3 Int-4 Slay+4}
 55070 | Depths:2 | Identified the +5 morningstar of the Manifold Beggars
                  | {freeze, Fly rF++ rCorr}
 55070 | Depths:2 | Noticed a caustic shrike
 55352 | Depths:2 | Found a one-way gate leading to the halls of Pandemonium.
 55451 | Depths:2 | Found a runed translucent gate.
 55451 | Depths:2 | Found a runed translucent gate.
 55451 | Depths:2 | Found a runed translucent gate.
 55629 | Depths:2 | Found a runed translucent gate.
 55629 | Depths:2 | Found a runed translucent gate.
 55629 | Depths:2 | Found a runed translucent gate.
 55787 | Depths:2 | Pacified a caustic shrike
 56305 | Depths:3 | Found a broken altar of Ashenzari.
 56319 | Depths:3 | Found a glowing silver altar of Zin.
 56367 | Depths:3 | Found a shimmering altar of Xom.
 56369 | Depths:3 | Found a glowing golden altar of the Shining One.
 56369 | Depths:3 | Found a shimmering altar of Xom.
 56369 | Depths:3 | Found an ornate altar of the Wu Jian Council.
 56596 | Depths:3 | Noticed a caustic shrike
 56597 | Depths:3 | Pacified a caustic shrike
 56633 | Depths:3 | Noticed a caustic shrike
 56637 | Depths:3 | Pacified a caustic shrike
 56669 | Depths:3 | Found a shadowy altar of Dithmenos.
 56999 | Depths:3 | Reached skill level 24 in Invocations
 57141 | Depths:3 | Reached XP level 24. HP: 224/224 MP: 38/38
 57232 | Depths:3 | Found a one-way gateway to a ziggurat.
 57437 | Depths:3 | Found Big Baal Hell's Store.
 57835 | Depths:4 | Entered Level 4 of the Depths
 58005 | Depths:3 | Paralysed by a vampire knight for 5 turns
 58795 | Depths:4 | Identified the +5 chain mail of the Pleiades {rC+++ Str+3
                  | Int-5}
 58929 | Depths:4 | Reached XP level 25. HP: 235/235 MP: 38/38
 59076 | Depths:4 | Found a gate to the Realm of Zot.
 59486 | Crypt:1  | Entered Level 1 of the Crypt
 59486 | Crypt:1  | Noticed Boris
 59506 | Vaults:3 | Killed Boris
 59724 | Crypt:1  | Reached skill level 25 in Invocations
 59734 | Crypt:1  | Identified the +1 ring mail of Conscience {Rampage Str-3
                  | Int-3 Dex+7}
 60609 | Crypt:2  | Found a transporter.
 60609 | Crypt:2  | Noticed Igymira's ghost (veteran MiGl)
 60747 | Crypt:2  | Found the amulet of the Air {Inacc Air Fly rElec RMsl}
 60750 | Crypt:2  | Noticed Grunn
 60758 | Crypt:2  | Killed Grunn
 60772 | Crypt:2  | Found a transporter.
 60781 | Crypt:2  | Found a transporter.
 60786 | Crypt:2  | Found a transporter.
 61310 | Crypt:2  | Noticed an ancient lich
 61318 | Crypt:2  | Killed an ancient lich
 61444 | Crypt:2  | Identified the +0 pair of gloves of the Raven {rCorr}
 61554 | Crypt:3  | Entered Level 3 of the Crypt
 62186 | Crypt:3  | Found a staircase to the Tomb.
 62484 | Crypt:3  | Found a basalt altar of Yredelemnul.
 62484 | Crypt:3  | Noticed a dread lich
 62494 | Crypt:3  | Killed a dread lich
 62532 | Crypt:3  | Identified the +6 orcbow "Vokiss" {heavy, rCorr Str+2}
 62938 | Crypt:3  | Paralysed by something for 3 turns
 63208 | Crypt:3  | Reached skill level 26 in Invocations
 63917 | Depths:3 | Bought the +6 tower shield of Defiance {-Cast Drain rElec
                  | Will+++} for 4217 gold pieces
 64298 | Vaults:5 | Entered Level 5 of the Vaults
 65304 | Vaults:5 | Noticed a dread lich
 65922 | Vaults:5 | Noticed Boris
 66520 | Vaults:4 | Reached XP level 26. HP: 197/250 MP: 39/39
 68285 | Vaults:4 | Killed Boris
 68523 | Vaults:5 | Found the +3 robe of Clouds {*Thunder rCloud rElec}
 68545 | Vaults:5 | Found the +10 zealot's sword {holy, Zealotry, *Rage rN+
                  | EV+3}
 68729 | Vaults:5 | Got a silver rune of Zot
 69148 | Vaults:5 | Noticed a dread lich
 69148 | Vaults:5 | Identified the +9 rapier of the Eternal Void {speed, Will+
                  | Dex+2}
 69149 | Vaults:5 | Identified the amulet "Cioshuc" {Spirit Will+}
 69220 | Vaults:5 | Identified the +1 robe of the Verdant God {rF- rC++ Str+2}
 69234 | Vaults:5 | Identified the ring "Vextou" {Drain Fly rElec rCorr Dex+3}
 69287 | Vaults:5 | Killed a dread lich
 69802 | Vaults:5 | Identified the +1 chain mail of Vanity {Dex+3}
 70184 | Elf:1    | Bought a scroll of enchant armour for 202 gold pieces
 70184 | Elf:1    | Bought a scroll of teleportation for 81 gold pieces
 70395 | Vaults:2 | Bought 2 potions of haste for 400 gold pieces
 70757 | Zot:1    | Entered Level 1 of the Realm of Zot
 70793 | Zot:2    | Acquired 904 gold pieces
 70858 | Zot:4    | Identified the "Rolung"
 70869 | Zot:5    | Entered Level 5 of the Realm of Zot
 71736 | Zot:5    | Noticed an ancient lich
 71746 | Zot:5    | Killed an ancient lich
 72771 | Zot:5    | Noticed an orb of fire
 72773 | Zot:5    | Gained mutation: Armour fits poorly on your strangely
                  | shaped body. [an orb of fire]
 72794 | Zot:5    | Killed an orb of fire
 72893 | Zot:5    | Lost mutation: Armour fits poorly on your strangely shaped
                  | body. [potion of mutation]
 72893 | Zot:5    | Gained mutation: You sometimes lose your temper in combat.
                  | [potion of mutation]
 72894 | Zot:5    | Lost mutation: You sometimes lose your temper in combat.
                  | [potion of mutation]
 72894 | Zot:5    | Gained mutation: You possess an exceptional clarity of
                  | mind. [potion of mutation]
 72894 | Zot:5    | Gained mutation: You have hidden genetic potential. [potion
                  | of mutation]
 73465 | Zot:5    | Got the Orb of Zot
 74101 | D:$      | Escaped with the Orb!

Illustrated notes

Levels and vault maps discovered:
D:1:      kennysheep_arrival_forest, layout_rooms, serial_shops, shop,
          minmay_misc_feat_square
D:2:      layout_basic
D:3:      layout_basic, chequers_ecumenical_altar_twisty
D:4:      layout_cave_pods, mainiacjoe_overflow_small_starburst
D:5:      layout_basic, minmay_misc_feat_four_crosses, minmay_misc_feat_room,
          uniq_blork_the_orc
D:6:      layout_rooms, minmay_temple_entry_junction,
          dreamdust_mushroom_princess
D:7:      layout_basic, eino_tiny_chamber, uniq_maggie
D:8:      layout_basic, okawaru_altar_gauntlet_db
D:9:      layout_irregular_city, david_lair_shrubbed, uniq_maurice
D:10:     layout_big_octagon, roderic_serpentine_path, uniq_josephine
D:11:     layout_long_grid
D:12:     layout_loops_cross, orc_0_dummy, hellmonk_ghost_happy_afterlife,
          serial_shops, nicolae_stop_n_shop_1
D:13:     layout_stronghold, david_vaults_2, nicolae_ru_sacrificial_ziggurat,
          uniq_frances
D:14:     layout_rooms, led_sif_pool, reono_crystal_passage,
          roderic_roman_lattice
D:15:     hangedman_depths_entry_civil_slaughter, layout_layer_cave,
          nicolae_hexahallways, uniq_louise
Temple:   nicolae_temple_slightly_damp_pantheon
Lair:1:   layout_roguey
Lair:2:   layout_hall_layers, nicolae_shoals_entry_roost,
          guppyfry_snake_entry_island, beast_lair_carwin_9,
          infiniplex_staircase_pool
Lair:3:   dreamdust_isle_of_ice, layout_chaotic_city
Lair:4:   layout_long_grid, slime_entry_2, grunt_megastairs_2, lemuel_fruit_tree
Lair:5:   hangedman_lair_caniforms_friends, layout_cave_pods,
          guppyfry_lair_end_dragon
Shoals:1: layout_shoals
Shoals:2: layout_shoals, serial_shops, shop, uniq_polyphemus
Shoals:3: layout_shoals, serial_shops, shop
Shoals:4: shoals_end_grunt_garden, layout_shoals, serial_shops,
          nicolae_shop_tiny_waterfront, nicolae_shop_window_shopping, shop,
          nicolae_shop_stone, nicolae_shop_back_alley_shop,
          nicolae_shoals_water_booths
Snake:1:  layout_onion_interference, basic_altar,
          nicolae_snake_ghostly_warrior_ritual, serial_bayou_shore_b
Snake:2:  layout_misc_corridors, statue_in_the_mist_lemuel
Snake:3:  layout_gridlike, minmay_shop_grove, nicolae_triple_integral,
          uniq_vashnia, uniq_donald
Snake:4:  grunt_snake_rune_spirals, layout_onion, gammafunk_ghost_necromancy,
          uniq_bai_suzhen
Orc:1:    layout_diamond_mine
Orc:2:    st_orc_mages, layout_caves, portal_ice_cave_entry_imps
Elf:1:    eino_elf_arrival_customs, layout_gridlike, serial_shops,
          nicolae_shop_waterfront, shop, shop, shop, shop,
          minmay_elf_demonology, chequers_big_river,
          nicolae_elf_variegated_diamond
Elf:2:    elven_hall_of_blades_hangedman_original
          [nicolae_blade_entry_crossed_weapons], layout_geoelf_octagon,
          serial_shops, nicolae_stop_n_shop_2, st_stairs_1
Elf:3:    elf_hall_gauntlet_wide, layout_loops_corners, item_on_display_a
Vaults:1: nicolae_vaults_closet_pinwheel_1, gammafunk_dig_for_victory,
          nicolae_vaults_offset_grid_hallway_1, v_misc_30,
          nicolae_vaults_double_plus_1, nicolae_vaults_cochlea,
          vaults_mumra_hexcomb, vaults_room_fours, layout_vaults_omnigrid,
          uniq_norris
Vaults:2: nicolae_vaults_trapezoid_lopsided_2, nicolae_vaults_little_squares_3,
          v_alt_pattern_6, nicolae_vaults_tetromino_Z_2, hangedman_vaults_nails,
          nicolae_vaults_what_the_h, v_misc_11,
          nicolae_vaults_trapezoid_lopsided_1, hangedman_vaults_trim,
          serial_ice_b, v_alt_pattern_4, nicolae_vaults_tetromino_L_1,
          vaults_mumra_bighexcomb, v_misc_28, v_misc_19,
          hangedman_vaults_stretched_pinwheel, layout_vaults_omnibox,
          serial_shops, nicolae_shop_window_shopping
Vaults:3: minmay_crypt_entry_simple_round, nicolae_vaults_theta,
          vaults_room_fours, v_pattern_4, nicolae_vaults_shrinking_rooms_1,
          nicolae_vaults_security_offices_3, ontoclasm_vaults_loading_screen,
          ontoclasm_vaults_claustrophobia, nicolae_vaults_wine_cellar,
          grunt_vaults_hallway_short, vaults_room_fours,
          nicolae_vaults_puzzle_piece, layout_vaults_big_cross, serial_shops,
          shop, uniq_xtahua, uniq_boris, uniq_nikola, uniq_mara
Vaults:4: mu_enter_wizlab_2, grunt_vaults_funnel, ontoclasm_vaults_idyll,
          nicolae_vaults_trapezoid_2, grunt_vaults_twisty,
          nicolae_vaults_offset_grid_hallway_3, nicolae_vaults_little_ls,
          v_misc_11, grunt_vaults_bifocal, nicolae_vaults_trapezoid_layered,
          st_squares, hangedman_vaults_pinch, ontoclasm_vaults_pinch, v_misc_12,
          nicolae_vaults_rhombus_5, layout_vaults_maze_bifur, uniq_margery
Vaults:5: serial_shops
Crypt:1:  layout_chaotic_city, hellmonk_scarab_ruin
Crypt:2:  gammafunk_sealed_arena, layout_rooms, gammafunk_ghost_arena,
          weyrava_lich_vault, uniq_grunn, uniq_josephina
Crypt:3:  cryptofortress_bobbens
Depths:1: evilmike_wizard_prison, layout_gridlike, grunt_hell_entry_dis_grunt,
          hangedman_abyss_entry_splay, serial_sigils,
          serial_sigils_hangedman_snap, serial_sigils_hangedman_scar,
          serial_sigils_hangedman_snap, serial_sigils_hangedman_clutch,
          serial_sigils_hangedman_scratch, minmay_misc_feat_rugged,
          fedhas_altar_2, firewood_loft
Depths:2: kennysheep_treasure_stockpile, layout_cave_pools,
          rand_demon_pan_entry_5, minmay_misc_feat_more_columns, hell_entry,
          minmay_misc_feat_enclosed, nicolae_uskayaw_suspiria,
          infiniplex_staircase_pillars_1, uniq_aizul
Depths:3: minmay_containers, layout_gridlike, enter_ziggurat_f,
          grunt_dithmenos_smoke, abyss_entry_small_statue_room,
          nicolae_hell_entry_big_baal_hell, doesnt_xom_only_xom
Depths:4: grunt_zot_entry_hairpin, layout_cave_pools, serial_bayou_pond_e,
          hell_entry, grunt_pan_entry_spiral
Zot:1:    layout_gridlike, regret_index_zotdec_stipple_waver,
          regret_index_zotdec_obsidian_hm
Zot:2:    layout_twisted_circle
Zot:3:    layout_gridlike, gammafunk_ghost_grave
Zot:4:    layout_basic, hangedman_zot_decor_checkerboard, door_vault
Zot:5:    layout_cathedral_of_symmetry

Skill      XL: |  1  2  3  4  5  6  7  8  9 10 11 12 13 14 15 16 17 18 19 20 21 22 23 24 25 26 |
---------------+-------------------------------------------------------------------------------+-----
Dodging        | 2 3 4 5 8 11 13 14 15 16 18 19 21 | 21.9
Polearms       | 1 2 |  2.8
Fighting       | 3 4 5 6 7 10 11 12 13 14 15 17 20 21 23 | 23.1
Short Blades   | 3 4 7 8 10 | 10.0
Armour         | 5 10 12 13 14 15 16 20 | 20.3
Invocations    | 3 6 8 10 12 14 15 17 18 19 21 22 24 26 | 26.0
Evocations     | 4 |  4.1
Shields        | 5 10 17 19 21 | 21.1
Long Blades    | 10 12 | 12.7
Throwing       | |  2.0
Stealth        | |  3.2

Action                     |  1- 3 |  4- 6 |  7- 9 | 10-12 | 13-15 | 16-18 | 19-21 | 22-24 | 25-27 || total
---------------------------+-------+-------+-------+-------+-------+-------+-------+-------+-------++-------
  Melee: Dagger            |    12 |    26 |   300 |   553 |  2153 |       |       |       |       ||  3044
         Spear             |    66 |   101 |       |       |       |       |       |       |       ||   167
         Punch             |     2 |     1 |     6 |    13 |     2 |       |       |       |       ||    24
         Headbutt          |     5 |    24 |    68 |   170 |   892 |   672 |   853 |   489 |   452 ||  3625
         Unarmed           |       |    19 |       |       |       |       |     4 |       |       ||    23
         Long sword        |       |       |     3 |       |    11 |       |       |       |       ||    14
         Scimitar          |       |       |       |       |   426 |  2141 |  2288 |  1184 |  1314 ||  7353
         Eudemon blade     |       |       |       |       |       |       |       |       |    88 ||    88
  Throw: Dart              |     8 |     7 |    19 |       |     3 |     2 |     1 |       |       ||    40
 Invoke: Heal Other        |       |       |     2 |    14 |    41 |    24 |    24 |     4 |     4 ||   113
         Purification      |       |       |       |       |     1 |       |       |     1 |     2 ||     4
         Heal Self         |       |       |       |       |       |     2 |       |       |       ||     2
  Evoke: Wand              |       |       |       |       |    13 |    16 |    20 |     4 |     5 ||    58
         Phantom mirror    |       |       |       |       |       |     1 |     2 |       |     1 ||     4
         Phial of floods   |       |       |       |       |       |       |     1 |       |       ||     1
    Use: Scroll            |       |     2 |    10 |    11 |     9 |     7 |    11 |    12 |    27 ||    89
         Potion            |       |     1 |       |     1 |     6 |     8 |     7 |     2 |    12 ||    37
   Stab: Sleeping          |     8 |     3 |     5 |     6 |     1 |       |       |     1 |       ||    24
         Distracted        |       |       |       |     1 |     2 |       |     1 |       |     2 ||     6
         Confused          |       |       |       |       |       |       |     4 |       |       ||     4
 Armour: Robe              |     8 |       |       |       |       |       |       |       |       ||     8
         Ring mail         |     9 |    58 |    79 |       |       |       |       |       |       ||   146
         Skin              |       |    23 |       |       |       |       |       |       |       ||    23
         Steam dragon scal |       |       |    37 |   222 |     9 |       |       |       |       ||   268
         Plate armour      |       |       |       |       |   512 |       |       |       |       ||   512
         Fire dragon scale |       |       |       |       |   592 |   102 |     9 |   448 |   324 ||  1475
         Chain mail        |       |       |       |       |       |   957 |   695 |       |       ||  1652
         Gold dragon scale |       |       |       |       |       |       |       |       |   544 ||   544
  Dodge: Dodged            |    37 |    63 |   173 |   382 |  1397 |  1086 |   625 |   517 |   699 ||  4979
         Repelled          |       |       |       |       |       |       |       |       |    18 ||    18
  Block: Buckler           |       |       |       |       |   825 |   710 |       |       |       ||  1535
         Tower shield      |       |       |       |       |       |   128 |  2091 |  1082 |  2043 ||  5344

Table legend: (Time is in decaauts)
 A = Elapsed time spent in this place.
 B = Non-inter-level travel time spent in this place.
 C = Inter-level travel time spent in this place.
 D = Time resting spent in this place.
 E = Time spent auto-exploring this place.
 F = Levels seen in this place.
 G = Mean time per level.
                   A        B        C        D        E       F      G
               +--------+--------+--------+--------+--------+-----+--------+
         Total |  72121 |  66406 |   5715 |  15494 |  28959 |  53 | 1360.8 |
       Dungeon |  16262 |  14309 |   1953 |   1827 |   8905 |  15 | 1084.1 |
        Temple |      1 |      1 |      0 |      0 |      0 |   1 |    1.0 |
          Lair |   6818 |   6250 |    568 |    668 |   3503 |   5 | 1363.6 |
        Shoals |   4667 |   4409 |    258 |    799 |   1864 |   4 | 1166.8 |
     Snake Pit |   6730 |   6582 |    148 |   1509 |   2295 |   4 | 1682.5 |
  Orcish Mines |   1552 |   1432 |    120 |     28 |    698 |   2 |  776.0 |
   Elven Halls |   6930 |   6328 |    602 |   2524 |   1889 |   3 | 2310.0 |
        Vaults |  13719 |  12648 |   1071 |   4617 |   4438 |   5 | 2743.8 |
         Crypt |   3868 |   3731 |    137 |    680 |   1670 |   3 | 1289.3 |
        Depths |   7433 |   6589 |    844 |   1177 |   3144 |   4 | 1858.2 |
           Zot |   2797 |   2786 |     11 |   1501 |    238 |   5 |  559.4 |
      Ice Cave |    842 |    842 |      0 |     37 |    312 |   1 |  842.0 |
        Wizlab |    495 |    495 |      0 |    122 |      0 |   1 |  495.0 |
               +--------+--------+--------+--------+--------+-----+--------+

Top non-repeatable levels by time:
Vaults:4: 5770 daAuts
 Snake:4: 3372 daAuts
   Elf:3: 3188 daAuts
   Zot:5: 2643 daAuts
Depths:1: 2518 daAuts
Vaults:3: 2359 daAuts
   Elf:1: 2336 daAuts
Vaults:1: 2306 daAuts
Depths:3: 2233 daAuts
  Lair:5: 1987 daAuts
    D:15: 1967 daAuts
 Crypt:3: 1948 daAuts
Depths:2: 1717 daAuts
Vaults:5: 1707 daAuts
     D:5: 1669 daAuts
